General information
- name: BNet
- type: Ladder team game (AT/RT)
- host: Battle.net
- saver: 13fr6
map: MarketSquare
- players: 8
- length: 23:13
- speed: Fast
- version: 1.27 W3XP
- replay type: Public
» download(152 KB)
Players
team 1 (loser)

»
RACHACUCA (
teal | 90 APM | 2064 actions | 23:00)
5 Keeper of the Grove
1 Force of Nature
3 Thorns Aura
1 Entangling Roots
4 Priestess of the Moon
2 Trueshot Aura
1 Scout
1 Searing Arrows
» actions
| Assign group hotkey | 37 | |
| Build / train | 88 | |
| Enter build submenu | 23 | |
| Enter hero's abilities submenu | 9 | |
| Right click | 690 | |
| Select / deselect | 498 | |
| Select group hotkey | 667 | |
| Use ability | 52 | |
2064 total
» units
| Wisp | 26 | |
| Huntress | 3 | |
| Archer | 10 | |
| Faerie Dragon | 7 | |
| Dryad | 10 | |
| Knight | 1 | |
57 total
» upgrades
| Strength of the Moon | 3 | |
| Backpack | 1 | |
| Improved Bows | 1 | |
| Abolish Magic | 1 | |
| Strength of the Wild | 3 | |
| Marksmanship | 1 | |
| Moon Armor | 2 | |
12 total
» buildings
| Altar of Elders | 1 | |
| Moon Well | 9 | |
| Ancient of War | 2 | |
| Hunter's Hall | 1 | |
| Tree of Ages | 1 | |
| Ancient Protector | 7 | |
| Ancient of Wonders | 1 | |
| Tree of Life | 1 | |
| Tree of Eternity | 1 | |
| Ancient of Wind | 1 | |
| Ancient of Lore | 2 | |
27 total
» build order
00:21 Altar of Elders
00:35 Moon Well
00:49 Ancient of War
01:40 Moon Well
02:12 Hunter's Hall
02:37 Moon Well
03:18 Tree of Ages
03:22 Ancient Protector
03:32 Ancient of Wonders
04:50 Ancient Protector
06:44 Tree of Life
07:00 Ancient Protector
07:04 Ancient Protector
07:05 Ancient Protector
07:11 Ancient Protector
07:36 Tree of Eternity
07:40 Ancient of Wind
11:08 Ancient of Lore
11:21 Ancient Protector
11:55 Ancient of Lore
12:49 Moon Well
13:57 Moon Well
15:23 Moon Well
17:10 Moon Well
20:29 Moon Well
20:54 Ancient of War
21:29 Moon Well
» items
| Potion of Healing | 2 | |
| Scroll of Town Portal | 3 | |
| Potion of Mana | 1 | |
6 total

»
C.E.O. (
purple | 56 APM | 932 actions | 16:33)
1 Mountain King
1 Storm Bolt
5 Archmage
2 Summon Water Elemental
3 Brilliance Aura
1 Paladin
1 Holy Light
» actions
| Basic commands | 13 | |
| Build / train | 51 | |
| Enter build submenu | 24 | |
| Enter hero's abilities submenu | 7 | |
| Give item / drop item | 1 | |
| Remove unit from queue | 1 | |
| Right click | 431 | |
| Select / deselect | 307 | |
| Use ability | 97 | |
932 total
» units
| Peasant | 16 | |
| Rifleman | 10 | |
| Priest | 1 | |
| Sorceress | 1 | |
28 total
» upgrades
| Gunpowder | 2 | |
| Armor | 1 | |
| Masonry | 2 | |
| Lumber Harvesting | 2 | |
| Long Rifles | 1 | |
8 total
» buildings
| Lumber Mill | 1 | |
| Altar of Kings | 1 | |
| Farm | 9 | |
| Blacksmith | 1 | |
| Barracks | 2 | |
| Town Hall | 1 | |
| Keep | 1 | |
| Castle | 1 | |
| Scout Tower | 6 | |
| Guard Tower | 2 | |
| Arcane Sanctum | 2 | |
27 total
» build order
00:21 Lumber Mill
00:35 Altar of Kings
00:49 Farm
01:05 Farm
01:42 Farm
02:20 Farm
02:32 Blacksmith
03:33 Barracks
03:34 Barracks
03:53 Farm
05:04 Farm
06:05 Town Hall
07:13 Keep
07:36 Farm
07:40 Farm
07:49 Farm
09:36 Castle
09:47 Scout Tower
09:52 Scout Tower
09:54 Scout Tower
11:22 Guard Tower
11:25 Scout Tower
11:25 Scout Tower
11:26 Scout Tower
11:56 Guard Tower
12:53 Arcane Sanctum
12:56 Arcane Sanctum

»
QuailmanX (
pink | 56 APM | 879 actions | 15:37)
4 Death Knight
2 Death Coil
2 Unholy Aura
1 Lich
1 Frost Nova
» actions
| Assign group hotkey | 10 | |
| Basic commands | 11 | |
| Build / train | 44 | |
| Enter build submenu | 24 | |
| Enter hero's abilities submenu | 5 | |
| Remove unit from queue | 2 | |
| Right click | 454 | |
| Select / deselect | 208 | |
| Select group hotkey | 56 | |
| Use ability | 65 | |
879 total
» units
| Acolyte | 5 | |
| Ghoul | 4 | |
| Crypt Fiend | 7 | |
| Obsidian Statue | 1 | |
17 total
» upgrades
| Creature Attack | 2 | |
| Web | 2 | |
| Burrow | 1 | |
5 total
» buildings
| Ziggurat | 7 | |
| Altar of Darkness | 1 | |
| Crypt | 1 | |
| Tomb of Relics | 1 | |
| Graveyard | 1 | |
| Nerubian Tower | 1 | |
| Halls of the Dead | 2 | |
| Spirit Tower | 3 | |
| Slaughterhouse | 1 | |
| Black Citadel | 1 | |
| Sacrificial Pit | 1 | |
20 total
» build order
00:16 Ziggurat
00:17 Altar of Darkness
00:45 Crypt
01:08 Tomb of Relics
01:57 Ziggurat
02:04 Graveyard
03:45 Nerubian Tower
05:21 Ziggurat
06:02 Halls of the Dead
06:59 Spirit Tower
08:55 Slaughterhouse
10:05 Spirit Tower
10:07 Ziggurat
10:09 Ziggurat
10:11 Ziggurat
11:54 Black Citadel
12:00 Sacrificial Pit
13:50 Spirit Tower
14:06 Ziggurat
» items
| Rod of Necromancy | 2 | |
| Dust of Appearance | 1 | |
| Potion of Mana | 1 | |
| Scroll of Town Portal | 1 | |
| Potion of Lesser Invulnerability | 1 | |
6 total
13fr6 (
orange | 53 APM | 1238 actions | 23:13)
5 Pit Lord
3 Rain of Fire
2 Cleaving Attack
4 Blood Mage
2 Flame Strike
2 Banish
4 Archmage
2 Blizzard
2 Brilliance Aura
» actions
| Assign group hotkey | 27 | |
| Basic commands | 7 | |
| Build / train | 138 | |
| Enter build submenu | 32 | |
| Enter hero's abilities submenu | 14 | |
| Give item / drop item | 2 | |
| Remove unit from queue | 1 | |
| Right click | 446 | |
| Select / deselect | 304 | |
| Select group hotkey | 127 | |
| Use ability | 140 | |
1238 total
» units
| Peasant | 46 | |
| Footman | 4 | |
| Rifleman | 6 | |
| Mortar Team | 7 | |
| Knight | 5 | |
| Flying Machine | 4 | |
| Sorceress | 2 | |
74 total
» upgrades
| Gunpowder | 2 | |
| Lumber Harvesting | 2 | |
| Fragmentation Shards | 1 | |
| Masonry | 2 | |
| Animal War Training | 1 | |
| Flare | 1 | |
| Flak Cannons | 1 | |
10 total
» buildings
| Barracks | 2 | |
| Farm | 14 | |
| Altar of Kings | 1 | |
| Lumber Mill | 2 | |
| Blacksmith | 1 | |
| Keep | 4 | |
| Town Hall | 2 | |
| Castle | 3 | |
| Workshop | 3 | |
| Arcane Vault | 1 | |
| Scout Tower | 21 | |
| Guard Tower | 8 | |
62 total
» build order
01:13 Barracks
01:15 Farm
01:17 Altar of Kings
01:19 Farm
01:38 Lumber Mill
01:47 Lumber Mill
02:35 Barracks
02:39 Farm
03:06 Farm
03:12 Blacksmith
03:51 Farm
04:30 Farm
05:41 Keep
05:41 Keep
05:41 Keep
06:00 Farm
06:29 Town Hall
08:05 Town Hall
08:52 Castle
08:52 Castle
09:20 Workshop
09:23 Workshop
09:29 Workshop
09:30 Farm
09:36 Arcane Vault
12:07 Farm
12:20 Farm
13:45 Farm
16:16 Scout Tower
16:16 Scout Tower
16:16 Scout Tower
16:17 Scout Tower
17:57 Guard Tower
17:59 Scout Tower
17:59 Scout Tower
18:00 Scout Tower
18:01 Scout Tower
18:03 Scout Tower
18:06 Scout Tower
18:06 Scout Tower
18:06 Scout Tower
18:07 Scout Tower
18:07 Scout Tower
18:11 Scout Tower
18:11 Scout Tower
18:11 Scout Tower
18:12 Scout Tower
18:17 Scout Tower
18:18 Scout Tower
18:24 Scout Tower
20:31 Guard Tower
20:53 Guard Tower
20:58 Guard Tower
20:58 Guard Tower
21:03 Guard Tower
21:03 Guard Tower
21:26 Guard Tower
22:51 Farm
22:53 Farm
22:56 Farm
» items
| Scroll of Regeneration | 2 | |
| Lesser Clarity Potion | 2 | |
| Potion of Healing | 2 | |
| Potion of Mana | 2 | |
| Scroll of Town Portal | 3 | |
| Potion of Lesser Invulnerability | 1 | |
| Scroll of Protection | 1 | |
| Scroll of Healing | 1 | |
14 total
team 2 (winner)
CHRONICtOKE (
blue | 56 APM | 1296 actions | 23:13)
6 Archmage
1 Blizzard
1 Brilliance Aura
3 Summon Water Elemental
1 Mass Teleport
2 Blood Mage
1 Flame Strike
1 Siphon Mana
3 Pit Lord
2 Rain of Fire
1 Howl of Terror
» actions
| Assign group hotkey | 25 | |
| Build / train | 112 | |
| Enter build submenu | 36 | |
| Enter hero's abilities submenu | 11 | |
| Remove unit from queue | 1 | |
| Right click | 516 | |
| Select / deselect | 322 | |
| Select group hotkey | 185 | |
| Use ability | 88 | |
1296 total
» units
| Peasant | 30 | |
| Footman | 12 | |
| Rogue | 1 | |
| Assassin | 1 | |
| Knight | 7 | |
| Siege Engine | 2 | |
53 total
» upgrades
| Masonry | 2 | |
| Swords | 3 | |
| Defend | 1 | |
| Lumber Harvesting | 2 | |
| Plating | 2 | |
| Barrage | 1 | |
| Animal War Training | 1 | |
| Gunpowder | 1 | |
13 total
» buildings
| Lumber Mill | 2 | |
| Barracks | 2 | |
| Altar of Kings | 1 | |
| Farm | 13 | |
| Blacksmith | 1 | |
| Arcane Vault | 2 | |
| Keep | 1 | |
| Scout Tower | 5 | |
| Guard Tower | 9 | |
| Town Hall | 2 | |
| Castle | 1 | |
| Workshop | 2 | |
41 total
» build order
00:22 Lumber Mill
00:49 Barracks
01:03 Altar of Kings
01:06 Farm
02:08 Farm
02:11 Farm
02:32 Barracks
03:00 Blacksmith
04:09 Farm
04:12 Farm
04:15 Arcane Vault
04:44 Farm
04:49 Farm
05:51 Keep
06:04 Scout Tower
06:58 Guard Tower
06:59 Scout Tower
08:34 Town Hall
10:31 Guard Tower
10:54 Arcane Vault
12:04 Guard Tower
12:15 Guard Tower
12:21 Farm
12:50 Guard Tower
12:51 Guard Tower
13:00 Farm
13:50 Castle
14:10 Scout Tower
14:54 Guard Tower
14:56 Scout Tower
16:11 Farm
16:38 Guard Tower
16:45 Workshop
16:50 Workshop
16:59 Farm
17:20 Town Hall
17:40 Farm
17:43 Farm
19:38 Lumber Mill
20:48 Scout Tower
» items
| Scroll of Regeneration | 2 | |
| Ivory Tower | 6 | |
| Scroll of Town Portal | 1 | |
| Potion of Healing | 3 | |
| Potion of Mana | 1 | |
| Lesser Clarity Potion | 1 | |
14 total

»
BigNewb (
yellow | 32 APM | 744 actions | 23:13)
8 Death Knight
3 Death Coil
3 Unholy Aura
1 Animate Dead
1 Death Pact
» actions
| Assign group hotkey | 11 | |
| Build / train | 51 | |
| ESC pressed | 2 | |
| Enter build submenu | 16 | |
| Enter hero's abilities submenu | 8 | |
| Right click | 345 | |
| Select / deselect | 190 | |
| Select group hotkey | 79 | |
| Use ability | 42 | |
744 total
» units
| Acolyte | 3 | |
| Ghoul | 4 | |
| Crypt Fiend | 6 | |
| Frost Wyrm | 9 | |
22 total
» upgrades
| Creature Attack | 3 | |
| Creature Carapace | 3 | |
| Web | 1 | |
| Ghoul Frenzy | 1 | |
| Freezing Breath | 1 | |
9 total
» buildings
| Crypt | 1 | |
| Ziggurat | 7 | |
| Altar of Darkness | 2 | |
| Tomb of Relics | 1 | |
| Graveyard | 1 | |
| Nerubian Tower | 1 | |
| Halls of the Dead | 1 | |
| Black Citadel | 2 | |
| Sacrificial Pit | 1 | |
| Boneyard | 3 | |
20 total
» build order
00:57 Crypt
01:01 Ziggurat
01:03 Altar of Darkness
01:06 Altar of Darkness
01:13 Tomb of Relics
01:17 Graveyard
01:30 Ziggurat
01:53 Nerubian Tower
03:11 Halls of the Dead
04:55 Ziggurat
05:16 Ziggurat
05:51 Black Citadel
05:51 Black Citadel
05:57 Sacrificial Pit
06:40 Ziggurat
06:41 Ziggurat
07:56 Ziggurat
08:16 Boneyard
08:21 Boneyard
08:23 Boneyard
» items
| Rod of Necromancy | 1 | |
| Boots of Speed | 1 | |
| Lesser Clarity Potion | 1 | |
| Scroll of Regeneration | 1 | |
| Scroll of Town Portal | 3 | |
7 total
Burninator (
green | 48 APM | 1117 actions | 23:13)
6 Paladin
2 Holy Light
3 Devotion Aura
1 Resurrection
5 Mountain King
3 Storm Bolt
2 Bash
» actions
| Assign group hotkey | 34 | |
| Build / train | 96 | |
| ESC pressed | 1 | |
| Enter build submenu | 28 | |
| Enter hero's abilities submenu | 11 | |
| Right click | 293 | |
| Select / deselect | 308 | |
| Select group hotkey | 287 | |
| Use ability | 58 | |
1117 total
» units
| Peasant | 12 | |
| Footman | 21 | |
| Knight | 25 | |
58 total
» upgrades
| Masonry | 3 | |
| Plating | 3 | |
| Lumber Harvesting | 2 | |
| Swords | 3 | |
| Animal War Training | 1 | |
12 total
» buildings
| Farm | 12 | |
| Altar of Kings | 2 | |
| Barracks | 2 | |
| Town Hall | 1 | |
| Keep | 1 | |
| Lumber Mill | 1 | |
| Scout Tower | 8 | |
| Blacksmith | 1 | |
| Guard Tower | 7 | |
| Castle | 1 | |
| Arcane Vault | 1 | |
37 total
» build order
00:05 Farm
00:11 Altar of Kings
00:26 Farm
00:38 Barracks
01:27 Farm
01:49 Farm
04:23 Town Hall
04:30 Keep
04:38 Lumber Mill
04:48 Scout Tower
04:51 Scout Tower
05:07 Blacksmith
05:19 Scout Tower
05:27 Guard Tower
05:49 Guard Tower
06:04 Farm
06:13 Scout Tower
07:18 Guard Tower
07:46 Scout Tower
08:10 Castle
08:22 Guard Tower
08:25 Farm
08:28 Farm
10:09 Barracks
10:24 Scout Tower
10:38 Farm
11:09 Arcane Vault
11:16 Farm
11:28 Guard Tower
17:12 Scout Tower
17:17 Scout Tower
17:46 Farm
17:48 Farm
17:49 Farm
20:18 Guard Tower
20:38 Guard Tower
20:45 Altar of Kings
» items
| Scroll of Town Portal | 2 | |
| Potion of Healing | 2 | |
4 total

»
Osmosis_Jones (
red | 22 APM | 515 actions | 23:13)
4 Demon Hunter
2 Mana Burn
2 Immolation
» actions
| Build / train | 58 | |
| Enter build submenu | 14 | |
| Enter hero's abilities submenu | 4 | |
| Remove unit from queue | 1 | |
| Right click | 207 | |
| Select / deselect | 199 | |
| Use ability | 32 | |
515 total
» units
| Wisp | 10 | |
| Archer | 13 | |
| Huntress | 6 | |
| Hippogryph | 11 | |
40 total
» upgrades
| Strength of the Moon | 2 | |
| Moon Armor | 2 | |
| Hippogryph Taming | 1 | |
| Marksmanship | 1 | |
| Improved Bows | 1 | |
7 total
» buildings
| Altar of Elders | 1 | |
| Moon Well | 7 | |
| Ancient of War | 1 | |
| Hunter's Hall | 1 | |
| Tree of Ages | 1 | |
| Ancient of Wonders | 1 | |
| Ancient of Wind | 2 | |
| Tree of Eternity | 1 | |
15 total
» build order
00:10 Altar of Elders
00:11 Moon Well
00:42 Ancient of War
01:33 Moon Well
02:36 Moon Well
02:47 Hunter's Hall
03:33 Moon Well
05:00 Tree of Ages
06:08 Moon Well
07:04 Ancient of Wonders
07:33 Ancient of Wind
08:20 Ancient of Wind
08:27 Tree of Eternity
12:10 Moon Well
13:14 Moon Well
» items
| Scroll of Town Portal | 1 | |
| Orb of Venom | 1 | |
| Potion of Healing | 1 | |
3 total
Chat log
(00:57 / Allies) QuailmanX: plan
(01:04 / Allies) RACHACUCA: cc 5 units rush
(01:11 / Allies) C.E.O.: rifles casters
(01:25 / Allies) 13fr6: morts
(03:40 / Allies) 13fr6: pink
(03:43 / Allies) 13fr6: give me gold pls
(04:04 / All) CHRONICtOKE: ghood block
(04:05 / All) CHRONICtOKE: ;)
(04:07 / Allies) 13fr6: purp
(04:09 / Allies) 13fr6: cree pwith me
(04:16 / Allies) C.E.O.: you go tit
(04:57 / Allies) 13fr6: teal
(04:59 / Allies) 13fr6: purp
(04:59 / Allies) 13fr6: come
(05:03 / Allies) 13fr6: help me creep all mines
(06:01 / Allies) 13fr6: gold pls
(07:23 / Allies) 13fr6: mid
(07:25 / Allies) 13fr6: teal
(08:11 / Allies) 13fr6: purp
(08:50 / Allies) QuailmanX: 100 wood plz
(09:05 / Allies) RACHACUCA: b
(09:05 / Allies) RACHACUCA: b
(10:03 / Allies) 13fr6: teal
(10:06 / Allies) 13fr6: make more wells
(10:14 / Allies) 13fr6: coming
(11:09 / Allies) 13fr6: wood plls
(11:28 / Allies) 13fr6: guys i need wood to make army
(11:43 / Allies) 13fr6: teal send 400 wood pls
(12:36 / Allies) 13fr6: getting 100 food knights and mort
(12:39 / Allies) 13fr6: pls pls get aa
(13:14 / Allies) RACHACUCA: orange come
(13:27 / Allies) RACHACUCA: come orange
(13:29 / Allies) 13fr6: omw
(14:09 / Allies) 13fr6: go
(14:13 / Allies) QuailmanX: tp
(14:16 / Allies) 13fr6: kill
(15:25 / Allies) QuailmanX: they got mad air
(15:49 / Allies) 13fr6: tp?
(16:16 / Allies) RACHACUCA: tp orange come
(16:27 / Allies) 13fr6: ok
(16:28 / Allies) 13fr6: going
(17:36 / Allies) 13fr6: gve me a tp
(18:36 / Allies) RACHACUCA: tp me
(18:44 / Allies) 13fr6: coming
(20:47 / Allies) 13fr6: heal
(20:48 / Allies) 13fr6: then tp?
(21:34 / Allies) RACHACUCA: tp
(21:40 / Allies) 13fr6: walk to me
(21:40 / Allies) 13fr6: come
(22:36 / Allies) 13fr6: go to towers